AoeStats
← Elmo

Oasis

507559661Analyzed
3v3 RM · 13d ago on Sep 18, 2026· 58m 47s· 6 players
Game mode
Random Map
Map size
Normal (6 player)
Population
200
Speed
Normal
Resources
Standard
Victory
Conquest
Starting age
Dark Age
Ending age
Imperial Age
RankedLock teamsTeams togetherTeam positionsShared explorationLock speedFull tech treeHidden civsTurbo modeCheats
Victory
Defeat
🇸🇪 Bohemians · Sweden
1349
+14
🇸🇪 Vietnamese · Sweden
1320
+16
🇬🇧 Persians · United Kingdom
1187
+20
🇬🇧 Hindustanis · United Kingdom
1362
-19
🇬🇧 Magyars · United Kingdom
1291
-16
🇬🇧 Vietnamese · United Kingdom
1270
-15
Tarongil
10:57 Feudal Age
14:57 Castle Age
13:23 Double-Bit Axe
13:48 Horse Collar
14:12 Loom
16:20 Bow Saw
23:28 Heavy Plow
25:05 Wheelbarrow
25:36 Gold Mining
26:05 Stone Mining
27:24 Hand Cart
31:45 Imperial Age
29:11 Fletching
29:45 Ballistics
29:26 Town Watch
29:59 Squires
30:07 Padded Archer Armor
30:08 Scale Mail Armor
30:18 Forging
29:32 Crossbowman
30:19 Thumb Ring
29:35 Crossbowman
31:34 Murder Holes
32:02 Chatras
32:10 Scale Barding Armor
32:03 Bodkin Arrow
32:17 Scale Barding Armor
32:03 Arson
32:54 Bracer
34:03 Chemistry
33:21 Bloodlines
33:12 Husbandry
33:14 Elite Fire Lancer
36:07 Siege Engineers
36:37 Chain Barding Armor
36:53 Iron Casting
37:56 Plate Barding Armor
36:44 Arbalester
38:25 Leather Archer Armor
39:02 Elite Rattan Archer
40:08 Paper Money
40:51 Two-Man Saw
43:28 Chain Mail Armor
43:43 Ring Archer Armor
43:10 Murder Holes
45:10 Caravan
51:13 Plate Mail Armor
50:53 Elite Skirmisher
51:03 Elite Skirmisher
52:26 Hoardings
52:44 Pikeman
53:35 Halberdier
53:56 Imperial Skirmisher
56:09 Light Cavalry
tommybee
10:26 Feudal Age
10:02 Loom
14:52 Castle Age
13:23 Double-Bit Axe
15:21 Wheelbarrow
18:53 Hand Cart
19:38 Horse Collar
22:11 Heavy Plow
25:51 Scale Barding Armor
27:03 Bloodlines
31:07 Imperial Age
30:00 Chain Barding Armor
29:50 Forging
29:46 Husbandry
30:50 Heavy Camel Rider
32:06 Iron Casting
32:07 Plate Barding Armor
31:01 Cavalier
32:13 Conscription
32:13 Citadels
32:25 Bow Saw
33:54 Blast Furnace
32:21 Savar
33:24 Gold Mining
39:53 Caravan
45:20 Gold Shaft Mining
45:16 Light Cavalry
47:12 Two-Man Saw
46:13 Hussar
55:48 Fletching
55:58 Padded Archer Armor
Bacarah
7:00 Loom
9:27 Feudal Age
17:52 Castle Age
16:07 Double-Bit Axe
16:12 Horse Collar
19:07 Bow Saw
19:41 Heavy Plow
20:34 Wheelbarrow
23:53 Town Watch
26:44 Hand Cart
30:55 Imperial Age
28:40 Scale Mail Armor
29:49 Pikeman
30:55 Halberdier
32:50 Squires
33:06 Chain Mail Armor
33:01 Forging
33:37 Conscription
34:22 Chemistry
35:40 Two-Man Saw
35:48 Caravan
36:26 Wagenburg Tactics
35:45 Houfnice
37:11 Plate Mail Armor
37:17 Iron Casting
38:33 Siege Engineers
43:03 Blast Furnace
41:51 Arson
44:30 Elite Hussite Wagon
Elmo
5:15 Loom
11:36 Feudal Age
13:07 Double-Bit Axe
13:03 Horse Collar
16:07 Castle Age
16:37 Bloodlines
17:16 Bow Saw
19:33 Heavy Plow
19:28 Gold Mining
20:29 Wheelbarrow
22:47 Fletching
30:35 Imperial Age
29:31 Bodkin Arrow
29:42 Corvinian Army
29:47 Husbandry
29:58 Thumb Ring
31:07 Padded Archer Armor
31:36 Ballistics
31:42 Conscription
32:34 Two-Man Saw
33:03 Parthian Tactics
32:45 Bracer
33:46 Hand Cart
34:15 Recurve Bow
34:46 Leather Archer Armor
34:48 Heavy Cavalry Archer
35:41 Scale Barding Armor
36:00 Caravan
37:28 Ring Archer Armor
37:31 Town Watch
38:10 Chain Barding Armor
38:57 Chemistry
40:57 Elite Magyar Huszar
49:48 Plate Barding Armor
49:47 Masonry
51:46 Murder Holes
nickface
11:06 Feudal Age
9:22 Loom
12:39 Double-Bit Axe
12:39 Horse Collar
14:53 Gold Mining
18:12 Castle Age
17:01 Bloodlines
17:47 Forging
17:45 Scale Barding Armor
17:52 Forging
20:41 Heavy Plow
20:54 Bow Saw
22:21 Wheelbarrow
24:13 Stone Mining
26:25 Husbandry
27:54 Hand Cart
28:36 Gold Shaft Mining
29:53 Chain Barding Armor
30:09 Iron Casting
37:14 Imperial Age
36:27 Stone Shaft Mining
37:14 Heavy Camel Rider
38:34 Plate Barding Armor
39:00 Blast Furnace
39:14 Imperial Camel Rider
49:47 Two-Man Saw
49:51 Conscription
Mojojojo
7:39 Loom
7:43 Loom
10:36 Feudal Age
11:20 Horse Collar
11:25 Double-Bit Axe
14:05 Wheelbarrow
14:26 Fletching
18:05 Gold Mining
21:01 Castle Age
19:54 Stone Mining
23:32 Heavy Plow
23:43 Bow Saw
24:11 Stone Shaft Mining
26:28 Hand Cart
28:25 Bodkin Arrow
28:31 Padded Archer Armor
28:43 Forging
28:33 Scale Mail Armor
33:03 Imperial Age
32:30 Iron Casting
32:00 Scale Barding Armor
32:11 Chain Mail Armor
32:41 Leather Archer Armor
32:32 Chatras
32:52 Caravan
34:20 Crop Rotation
34:52 Two-Man Saw
34:22 Paper Money
35:49 Chemistry
35:13 Bloodlines
35:03 Husbandry
35:15 Light Cavalry
36:18 Chain Barding Armor
36:10 Bracer
42:13 Squires
42:00 Arson
44:30 Elite Skirmisher
45:43 Imperial Skirmisher
48:05 Ring Archer Armor
49:21 Plate Mail Armor
52:52 Elite Fire Lancer
Connection lost

Rejoining the realm…

Still unreachable

The connection could not be restored.

Session expired

The server has moved on; the page needs a fresh start.